 Dungeon Crawl Stone Soup version 0.30.0-19-gbf45117a57 (webtiles) character file.

Game seed: 12505553118224706110

51 qw the Chopper (level 3, -4/23 HPs)
             Began as a Gargoyle Fighter on May 23, 2023.
             Slain by a gnoll
             ... wielding a +0 halberd
              (9 damage)
             ... on level 2 of the Dungeon.
             The game lasted 00:00:26 (950 turns).

qw the Chopper (Gargoyle Fighter)                    Turns: 950, Time: 00:00:26

Health: -4/23      AC: 10    Str: 21    XL:     3   Next: 83%
Magic:  3/3        EV:  9    Int:  8    God:
Gold:   30         SH:  5    Dex: 15    Spells: 2/2 levels left

rFire   . . .        Y - +2 war axe
rCold   . . .        c - +0 buckler
rNeg    + . .        b - +0 scale mail
rPois   inf          (no helmet)
rElec   +            (no cloak)
rCorr   .            (no gloves)
SInv    .            (no boots)
Will    .....        (no amulet) Stlth
                     i - +6 ring of dexterity
HPRegen 0.23/turn    (no ring)
MPRegen 0.08/turn

%: no passive effects
@: no status effects
A: sickness immunity, AC +3, negative energy resistance 1, electricity
resistance, torment resistance 1, petrification resistance
a: no special abilities


You were on level 2 of the Dungeon.
You visited 1 branch of the dungeon, and saw 2 of its levels.

You collected 30 gold pieces.


Innate Abilities, Weirdness & Mutations

You are immune to sickness and miasma.
Your stone body is resilient. (AC +3)
You are immune to poison.
You resist negative energy. (rN+)
You are resistant to electric shocks. (rElec)
You are resistant to unholy torment.
You are immune to petrification.


   Skills:
 - Level 3.2 Fighting
 + Level 3.3 Axes
 - Level 3.2 Armour
 - Level 1.0 Dodging
 - Level 3.2 Shields


You had 2 spell levels left.
You didn't know any spells.
Your spell library was empty.

Inventory:

Hand Weapons
 o - a +0 mace
 Y - a +2 war axe (weapon)
Armour
 a - a +0 pair of gloves
 b - a +0 scale mail (worn)
 c - a +0 buckler (worn)
 e - a +0 cloak
Jewellery
 i - a +6 ring of dexterity (left hand)
Potions
 d - a potion of might
 n - 2 potions of degeneration {unknown}

Dungeon Overview and Level Annotations

Branches:
Dungeon (2/15)

Altars:
Nemelex Xobeh


Message History

Things that are here:
7 stones; a hobgoblin corpse A gnoll comes into view.
It is wielding a +0 halberd.
The gnoll shouts!
You hear a shout! x3
A gnoll comes into view. It is wielding a +0 flail.
942 ||| Stepping ~*~*~tactically~*~*~ (hiding).
A gnoll comes into view. It is wielding a +0 spear.
The gnoll shouts!
You hear a shout! x2
A gnoll comes into view. It is wielding a +0 halberd.
The gnoll closely misses you. The gnoll hits you but does no damage.
You barely miss the gnoll. You slash the gnoll!
The gnoll is severely wounded.
You block the gnoll's attack.
A hobgoblin comes into view.
You barely miss the gnoll.
The gnoll is severely wounded.
The gnoll barely misses you. The gnoll hits you but does no damage.
The gnoll hits you with a +0 flail. The gnoll hits you but does no damage.
The gnoll closely misses you.
The gnoll hits you from afar with a +0 halberd.
The gnoll closely misses you.
You hit the gnoll but do no damage.
The gnoll is severely wounded.
The gnoll hits you from afar with a +0 spear.
The gnoll completely misses you.
The gnoll hits you from afar with a +0 halberd.
The gnoll barely misses you.
You slash the gnoll!
You kill the gnoll!
The gnoll hits you but does no damage. You block the gnoll's attack.
The gnoll barely misses you.
The gnoll hits you from afar with a +0 spear.
The gnoll hits you from afar with a +0 halberd!
You block the gnoll's attack. 3 goblins come into view.
The goblin shouts! x3; You hear a shout!
The gnoll hits you with a +0 halberd!
You die...

###
#.##########
#..........#
#.########.#
#.# #(#######
#@# #........
#..ggg.g..#
######.## ##
#...g....g..
#.# .#
#......g..##
#.# .#
#.........#
####.#
.#######
..........#
#....#
.......#
...........#
#.####
...[...#
............#
#.#.#
.......#
#.#.#


You could see 3 gnolls, a hobgoblin and 3 goblins.

Vanquished Creatures
  A gnoll (D:2)
  An adder (D:2)
  A worm (D:2)
  A dart slug (D:1)
  4 bats
  An endoplasm (D:1)
  3 giant cockroaches
  A goblin (D:1)
  7 hobgoblins
  A quokka (D:1)
  A frilled lizard (D:1)
  2 kobolds
  A rat (D:1)
25 creatures vanquished.

Notes
Turn   | Place    | Note
-------+----------+-------------------------------------------
     0 | D:1      | qw the Gargoyle Fighter began the quest for the Orb.
     0 | D:1      | Reached XP level 1. HP: 14/14 MP: 1/1
     0 | D:1      | 0 ||| qw: Version: 0.2-a-98-g5d7165a
     0 | D:1      | 0 ||| qw: Game counter: 17
     0 | D:1      | 0 ||| qw: Always use a shield: true
     0 | D:1      | 0 ||| qw: God list: Okawaru
     0 | D:1      | 0 ||| qw: Allow faded altars: false
     0 | D:1      | 0 ||| qw: Do Orc after D:15 true
     0 | D:1      | 0 ||| qw: Do second Lair branch before Depths: true
     0 | D:1      | 0 ||| qw: Lair rune preference: random
     0 | D:1      | 0 ||| qw: Plans: Normal, Zot:1-4, God:TSO, Crypt, Tomb,
                  | Pan, Slime:5, Hells, Abyss, Win
     0 | D:1      | 0 ||| PLANNING D:1-11
   173 | D:1      | Reached XP level 2. HP: 19/19 MP: 2/2
   178 | D:1      | 178 ||| Stepping ~*~*~tactically~*~*~ (stealth).
   558 | D:1      | Reached skill level 3 in Axes
   578 | D:1      | 578 ||| DROPPING +0 club.
   758 | D:1      | 758 ||| UPGRADING to +6 ring of dexterity.
   759 | D:1      | 759 ||| DROPPING ring of flight.
   760 | D:1      | 760 ||| READING 2 scrolls labelled SAM JEZXAIBLO.
   761 | D:1      | 761 ||| READING scroll of enchant weapon.
   761 | D:1      | 761 ||| ENCHANTING +1 war axe.
   762 | D:1      | 762 ||| READING scroll labelled XEFYIL YRIRHO.
   763 | D:1      | 763 ||| READING scroll labelled DUJEWA HIFIM.
   764 | D:1      | 764 ||| READING scroll labelled GEOPEN BAEKUF.
   765 | D:1      | 765 ||| DRINKING 2 glowing orange potions.
   766 | D:1      | 766 ||| DRINKING 2 smoky coppery potions.
   767 | D:1      | 767 ||| DROPPING potion of magic.
   768 | D:1      | 768 ||| DROPPING potion of flight.
   794 | D:2      | Found a sparkling altar of Nemelex Xobeh.
   813 | D:2      | Reached XP level 3. HP: 23/23 MP: 3/3
   841 | D:2      | Reached skill level 1 in Dodging
   942 | D:2      | 942 ||| Stepping ~*~*~tactically~*~*~ (hiding).
   949 | D:2      | HP: 5/23 [gnoll/+0 halberd (7)]
   950 | D:2      | Slain by a gnoll

Levels and vault maps discovered:
D:1:      ncdulo_smallfort, layout_loops_ring, minmay_heptomino_o4
D:2:      layout_basic, basic_altar, chequers_serial_rivers_micro_e, uniq_robin

Skill      XL: |  1  2  3 |
---------------+----------+-----
Axes           | 2 3 |  3.3
Dodging        | 1 |  1.0
Fighting       | |  3.2
Armour         | |  3.2
Shields        | |  3.2

Action                     || total
---------------------------++-------
  Melee: War axe           ||    56
  Throw: Boomerang         ||    22
    Use: Scroll            ||     5
         Potion            ||     2
 Armour: Scale mail        ||    30
  Dodge: Dodged            ||    21
  Block: Buckler           ||    16

Table legend:
 A = Non-vault XP
 B = Vault XP
 C = Vault XP percentage of total XP
 D = Non-vault monster count
 E = Vault monster count
 F = Vault count percentage of total count
                 A         B        C        D         E       F
            +---------+---------+-------+---------+---------+-------
      Total |      66 |       8 |  10.8 |      21 |       4 |  16.0
            +---------+---------+-------+---------+---------+-------
        D:1 |      24 |       8 |  25.0 |      13 |       4 |  23.5
        D:2 |      42 |       0 |   0.0 |       8 |       0 |   0.0
            +---------+---------+-------+---------+---------+-------
